 Dungeon Crawl Stone Soup version 0.19-a0-1827-g174f941 (webtiles) character file.

14998 packetloss the Basher (level 11, -5/92 HPs)
             Began as a Deep Dwarf Artificer on Oct 7, 2016.
             Was an Initiate of Gozag.
             Slain by a cyclops (19 damage)
             ... on level 1 of the Orcish Mines.
             The game lasted 01:42:14 (14643 turns).

packetloss the Basher (Deep Dwarf Artificer)       Turns: 14643, Time: 01:42:14

Health: -5/92      AC: 15    Str: 18    XL:     11   Next: 96%
Magic:  7/7        EV: 16    Int: 13    God:    Gozag
Gold:   2176       SH:  0    Dex: 16    Spells: 0 memorised, 10 levels left

rFire  . . .     SeeInvis .     S - +1 falchion (vamp) {!w}
rCold  . . .     Gourm    .     X - +4 ring mail
rNeg   . . .     Faith    .     (no shield)
rPois  .         Spirit   .     C - +1 helmet
rElec  .         Dismiss  .     R - +0 cloak
rCorr  .         Reflect  .     (no gloves)
MR     +....     Harm     .     n - +0 pair of boots
Stlth  +.........               (no amulet)
                                (no ring)
                                Z - +3 ring of dexterity

@: very slightly contaminated, non-regenerating, hasted, very quick
A: damage resistance, recharge devices, sense surroundings 2, slow regeneration
3
a: Device Recharging, Potion Petition, Call Merchant, Bribe Branch, Renounce
Religion


You were on level 1 of the Orcish Mines.
You worshipped Gozag.
Gozag was most pleased with you.
You were not hungry.

You visited 3 branches of the dungeon, and saw 14 of its levels.
You also visited: Sewer and Ossuary.

You collected 3042 gold pieces.
You spent 143 gold pieces at shops.
You paid 723 gold pieces to Gozag.

Inventory:

Hand Weapons
 a - a +2 whip of electrocution
   (You took it off Pikel on level 8 of the Dungeon)
 b - a +1 hunting sling of freezing
   (You took it off a goblin on level 3 of the Dungeon)
 e - a +2 scimitar of flaming
   (You took it off Erica on level 8 of the Dungeon)
 j - the +5 great mace of Annihilation {protect, Int+3}
   (You acquired it on level 1 of the Lair of Beasts)

   It protects the one who uses it against injury (+AC on strike).
   It affects your intelligence (+3).
 D - a +2 flail of protection
   (You took it off an orc on level 5 of the Dungeon)
 S - a +1 vampiric falchion (weapon) {!w}
   (You bought it in a shop on level 5 of the Dungeon)
Missiles
 l - 188 stones (quivered)
 E - 41 sling bullets
Armour
 n - a +0 pair of boots (worn)
   (You found it on level 9 of the Dungeon)
 C - a +1 helmet (worn)
   (You found it on level 2 of the Dungeon)
 R - a +0 cloak (worn)
   (You found it on level 8 of the Dungeon)
 X - a +4 ring mail (worn)
   (You found it on level 9 of the Dungeon)
Jewellery
 Z - a +3 ring of dexterity (left hand)
   (You took it off a wight on level 10 of the Dungeon)
Wands
 c - a wand of flame (0/48)
 d - a wand of enslavement (0/24)
 f - a wand of random effects (11/48)
 k - a wand of iceblast (0/15)
   (You found it in an ossuary)
 s - a wand of teleportation (2/9)
   (You found it in an ossuary)
 x - a wand of paralysis (9/24)
   (You found it on level 10 of the Dungeon)
 B - a wand of acid (0/15)
   (You found it on level 10 of the Dungeon)
 H - a wand of acid (7/15)
   (You found it on level 9 of the Dungeon)
 N - a wand of polymorph (17/24)
   (You found it on level 1 of the Lair of Beasts)
 O - a wand of digging (4/24)
   (You found it on level 7 of the Dungeon)
 Y - a wand of digging (14/24)
   (You found it on level 1 of the Lair of Beasts)
Scrolls
 i - 11 scrolls of remove curse
 m - a scroll of fog
 o - 4 scrolls of identify
 q - 2 scrolls of teleportation
 y - a scroll of magic mapping {!r}
 J - a scroll of blinking {!r}
Potions
 v - 3 potions of ambrosia
 w - 2 potions of flight
 z - 3 potions of resistance
 A - 6 potions of lignification {!q}
 F - a potion of haste
 I - 3 potions of agility
 K - a potion of magic
 L - 2 potions of might
 U - a potion of cancellation
 V - a potion of berserk rage {!q}
Books
 P - a book of Clouds
   (You found it on level 7 of the Dungeon)
Miscellaneous
 T - a disc of storms
   (You found it on level 9 of the Dungeon)
Comestibles
 g - 6 bread rations {@e1}
 t - 17 fruits
 G - 10 royal jellies


   Skills:
 - Level 4.2 Fighting
   Level 0.8(1.4) Short Blades
 + Level 1.9(2.0) Long Blades
 - Level 12.1 Maces & Flails
 - Level 9.3 Slings
 - Level 8.0 Armour
 - Level 7.7 Dodging
 - Level 1.5 Stealth
 - Level 8.4 Evocations


You had 10 spell levels left.
You didn't know any spells.

Dungeon Overview and Level Annotations

Branches:
Dungeon (11/15)            Temple (0/1) D:5            Lair (2/6) D:8
    Orc (1/2) D:10
  Swamp: Lair:2-4    Shoals: Lair:2-4     Snake: Lair:2-4    Spider: Lair:2-4

Altars:
Cheibriados
Elyvilon
Gozag
Hepliaklqana
Kikubaaqudgha
Makhleb
Nemelex Xobeh
Qazlal
Trog
Uskayaw
Vehumet
Yredelemnul
The Shining One

Shops:
D:3 *   D:5 (

Annotations:
D:4 Pukeattack's ghost, amateur MiFi
D:7 champerdampers's ghost, novice DEAE
D:8 Maurice
D:11 4-hydra!
Lair:1 5-hydra!


Innate Abilities, Weirdness & Mutations

You are resistant to damage.
You can recharge devices by infusing magical energy.
You passively map the area around you.
You do not regenerate.


Message History

You kill the scorpion!
You now have 2151 gold pieces (gained 7).
There is an escape hatch in the ceiling here.
There is a stone staircase leading down here.
Warning, next level annotated: 4-hydra!
Enter next level anyway?
You climb downwards.
There is a stone staircase leading up here.
You now have 2168 gold pieces (gained 17).
Found a stone staircase leading down.
Found 4 gold pieces and a potion of cure mutation.
Found a stone staircase leading down.
q - 2 scrolls of teleportation (gained 1)
A cyan ugly thing comes into view.
The cyan ugly thing gurgles horribly!
Spoiler Alert: The cyan ugly thing can hit for high electric damage in melee!
There is a stone staircase leading up here.
You climb upwards.
There is a stone staircase leading down here.
The ettin shouts in stereo!
Spoiler Alert: The ettin can hit for very high damage in melee!
There is a stone staircase leading down here.
There is a stone staircase leading up here.
You climb upwards.
There is a stone staircase leading down here.
There is a stone staircase leading down here.
You climb downwards.
There is a stone staircase leading up here.
You see here an uncursed amulet of the gourmand {Gourm, !d}.
You see here a scroll of noise {!r}.
There is a staircase to the Orcish Mines here.
You climb downwards.
Welcome to the Orcish Mines!
The orc barely misses you.
There is a staircase back to the Dungeon, spattered with blood here.
You hit the orc. The orc hits you but does no damage.
The orc completely misses you.
You riposte.
You slash the orc!
You feel better.
You kill the orc!
You regained 3 hp, and now have 29/92 hp.
You now have 2176 gold pieces (gained 8).
You see here a scale mail.
There is a staircase back to the Dungeon, spattered with blood here.
A cyclops comes into view.
The cyclops shouts!
Spoiler Alert: The cyclops can throw large rocks!
The cyclops misses you.
You hit the cyclops but do no damage. The cyclops closely misses you.
You hit the cyclops.
You feel better. The cyclops barely misses you.
You regained 5 hp, and now have 34/92 hp.
You slash the cyclops! The cyclops hits you!
You take 6 damage, and have 28/92 hp.
You hit the cyclops but do no damage.
Spoiler Alert: The cyclops can throw large rocks!
You hit the cyclops but do no damage. The cyclops barely misses you.
You hit the cyclops. The cyclops closely misses you.
You riposte.
You hit the cyclops but do no damage. You hit the cyclops but do no damage.
The cyclops hits you!
* * * LOW HITPOINT WARNING * * *
You take 9 damage, and have 19/92 hp.
You slash the cyclops!
You feel better. The cyclops hits you!!
* * * LOW HITPOINT WARNING * * *
Spoiler Alert: The cyclops can throw large rocks!
You take 14 damage, and have 5/92 hp.
Okay, then.
You feel much better.
You regained 23 hp, and now have 28/92 hp.
You hit the cyclops.
You feel better. The cyclops hits you.
You hit the cyclops but do no damage. The cyclops hits you!
* * * LOW HITPOINT WARNING * * *
Spoiler Alert: The cyclops can throw large rocks!
You take 14 damage, and have 15/92 hp.
Unknown command.
You hit the cyclops. The cyclops hits you!
* * * LOW HITPOINT WARNING * * *
You take 11 damage, and have 4/92 hp.
Unknown command.
Spoiler Alert: The cyclops can throw large rocks!
You feel much better. The cyclops hits you!!
* * * LOW HITPOINT WARNING * * *
You regained 7 hp, and now have 11/92 hp.
Unknown command.
Unknown command.
Search for what [Enter for "wand", or ? for help]? heal Spoiler Alert: The cyclops can throw large rocks!
Search for what [Enter for "heal", or ? for help]? wand Quiver which item? (- for none, * to show all) (? for menu, Esc to quit)
Okay, then.
You hit the cyclops.
You feel better.
You feel better. The cyclops hits you!
* * * LOW HITPOINT WARNING * * *
Spoiler Alert: The cyclops can throw large rocks!
You take 5 damage, and have 7/92 hp.
You feel better. The cyclops closely misses you.
You regained 6 hp, and now have 13/92 hp.
You feel yourself speed up. The cyclops closely misses you.
You riposte.
You hit the cyclops but do no damage.
You are very lightly contaminated with residual magic.
Spoiler Alert: The cyclops can throw large rocks!
You hit the cyclops.
You feel better.
You hit the cyclops. The cyclops hits you!!
You die...
Your body crumbles into a pile of gold.

.#......# *
,.......$##### .
* ,
..........#.#..
.,..............,
..............#,
... ....$.....##.
..>.###..C.......
.$.......@....#
.........##......
..........##.....
....####.<[#,...#
$.. ,* ##.##, .$.
, ** ### ,.# $# ,
,


You could see a cyclops.

Vanquished Creatures
  Erica (D:8)
  Pikel (D:8)
  A hill giant (D:10)
  An elephant (Lair:2)
  A centaur skeleton (D:10)
  6 spiny frogs
  A gargoyle (D:10)
  A troll (D:8)
  2 hornets
  2 hippogriffs
  A hill giant zombie (D:10)
  11 yaks
  3 hungry ghosts
  3 basilisks
  Menkaure (D:6)
  An insubstantial wisp (D:10)
  3 vampire mosquitoes (D:10)
  2 water moccasins
  13 porcupines
  4 orc warriors
  3 phantoms
  A sky beast (D:9)
  3 ice beasts
  A slave (D:8)
  A black bear (D:9)
  6 ogres
  5 centaurs
  5 crocodiles
  2 big kobolds (D:9)
  9 bullfrogs
  3 scorpions (D:10)
  4 killer bees (Lair:2)
  5 wights (D:10)
  4 howler monkeys
  2 crimson imps
  A quasit (D:9)
  3 hounds
  5 jellies
  6 orc wizards
  A gnoll shaman (D:8)
  8 orc priests
  2 bullfrog skeletons
  Jessica (D:9)
  2 iguanas
  2 worker ants
  6 ogre zombies (D:10)
  A hound skeleton (D:10)
  12 adders
  7 gnolls
  4 river rats
  A shadow imp (D:8)
  5 oozes (D:10)
  4 adder zombies
  4 worms
  2 dart slugs
  2 leopard geckos
  58 orcs
  9 bats
  A giant cockroach (D:3)
  4 goblins
  14 hobgoblins
  5 jackals
  5 quokkas
  4 ball pythons
  A ball python skeleton (Ossuary)
  12 frilled lizards
  2 goblin skeletons (D:10)
  5 goblin zombies (D:10)
  A hobgoblin skeleton (D:10)
  4 hobgoblin zombies
  13 kobolds
  A kobold zombie (Ossuary)
  4 orc skeletons
  12 orc zombies
  20 rats
  A plant (D:10)
368 creatures vanquished.

Vanquished Creatures (collateral kills)
  A wraith (Ossuary)
  A jackal (D:1)
  A kobold (D:2)
3 creatures vanquished.

Vanquished Creatures (others)
  3 slaves (D:8)
  An ogre zombie (D:10)
  A river rat (D:8)
  A hobgoblin (D:2)
  A jackal (D:1)
  An orc zombie (D:10)
  3 fungi
11 creatures vanquished.

Grand Total: 382 creatures vanquished

Notes
Turn   | Place    | Note
-------+----------+-------------------------------------------
     0 | D:1      | packetloss the Deep Dwarf Artificer began the quest for the Orb.
     0 | D:1      | Reached XP level 1. HP: 16/16 MP: 3/3
   138 | D:1      | Reached skill level 1 in Fighting
   168 | D:1      | Reached XP level 2. HP: 17/25 MP: 5/5
   274 | D:1      | HP: 6/25 [hobgoblin/club (3)]
   631 | D:2      | Found a faded altar of an unknown god.
   751 | D:2      | Reached skill level 3 in Dodging
   751 | D:2      | Reached XP level 3. HP: 20/32 MP: 6/6
  1008 | D:2      | HP: 7/32 [worm (7)]
  1040 | D:2      | Found a snail-covered altar of Cheibriados.
  1112 | D:2      | Found a hazy altar of Hepliaklqana.
  1125 | D:2      | Reached skill level 1 in Maces & Flails
  1357 | D:3      | Reached XP level 4. HP: 39/39 MP: 7/7
  1394 | D:3      | Reached skill level 2 in Maces & Flails
  1558 | D:3      | Found a white marble altar of Elyvilon.
  1671 | D:3      | Found Gozag's Platinum Reserve.
  1676 | D:3      | Found an opulent altar of Gozag.
  1708 | D:3      | Became a worshipper of Gozag Ym Sagoz the Greedy
  1916 | D:3      | Found a basalt altar of Yredelemnul.
  2071 | D:4      | Noticed Pukeattack's ghost (amateur MiFi)
  2090 | D:4      | Found a sand-covered staircase.
  2098 | Ossuary  | Entered an ossuary
  2209 | Ossuary  | Reached skill level 1 in Slings
  2255 | Ossuary  | Noticed a flying skull
  2255 | Ossuary  | Noticed a wraith
  2263 | Ossuary  | Noticed a flying skull
  2270 | Ossuary  | Noticed a wraith
  2278 | Ossuary  | Noticed a flying skull
  2288 | Ossuary  | Killed a wraith
  2288 | Ossuary  | Reached skill level 3 in Slings
  2288 | Ossuary  | Reached XP level 5. HP: 40/45 MP: 8/8
  2299 | Ossuary  | Noticed a wraith
  2500 | D:4      | Found a glowing drain.
  2517 | Sewer    | Entered a sewer
  2824 | Sewer    | Reached skill level 4 in Slings
  2877 | Sewer    | Noticed PStrummel's ghost (amateur MiFi)
  3447 | D:4      | Reached XP level 6. HP: 21/52 MP: 9/9
  3629 | D:4      | Reached skill level 3 in Maces & Flails
  3869 | D:5      | Entered Level 5 of the Dungeon
  3893 | D:5      | Reached skill level 4 in Maces & Flails
  3930 | D:5      | Noticed an ice beast
  4137 | D:4      | Reached skill level 5 in Maces & Flails
  4137 | D:4      | Reached XP level 7. HP: 19/58 MP: 10/10
  4350 | D:5      | Found a stormy altar of Qazlal.
  4352 | D:5      | Noticed a water elemental
  4352 | D:5      | Noticed a fire elemental
  4353 | D:5      | Noticed an air elemental
  4507 | D:5      | Reached skill level 6 in Maces & Flails
  4551 | D:5      | Found a hide-covered altar of Uskayaw.
  4560 | D:5      | Reached skill level 2 in Fighting
  4595 | D:5      | Found a white marble altar of Elyvilon.
  4629 | D:5      | Found a staircase to the Ecumenical Temple.
  4987 | D:6      | Reached skill level 3 in Fighting
  4987 | D:6      | Reached skill level 1 in Armour
  5017 | D:6      | Reached skill level 2 in Armour
  5168 | D:6      | HP: 15/62 [orc priest/divine providence (5)]
  5190 | D:6      | Found a burning altar of Makhleb.
  5226 | D:6      | Reached skill level 3 in Armour
  5226 | D:6      | Reached XP level 8. HP: 36/72 MP: 11/11
  5524 | D:6      | HP: 17/72 [orc warrior/long sword (11)]
  5613 | D:6      | HP: 17/72 [centaur/arrow (5)]
  5627 | D:6      | Reached skill level 4 in Fighting
  5627 | D:6      | Reached skill level 4 in Armour
  5899 | D:5      | Reached skill level 4 in Dodging
  6035 | D:6      | Reached skill level 5 in Armour
  6067 | D:6      | Reached skill level 5 in Dodging
  6160 | D:7      | Found a sparkling altar of Nemelex Xobeh.
  6169 | D:7      | Noticed a hill giant
  6253 | D:7      | Found a radiant altar of Vehumet.
  6253 | D:7      | Noticed champerdampers's ghost (novice DEAE)
  6337 | D:7      | Noticed Menkaure
  6349 | D:6      | Killed Menkaure
  6404 | D:6      | Reached skill level 6 in Armour
  6692 | D:7      | Gained mutation: You passively map the area around you. [Deep Dwarf growth]
  6692 | D:7      | Reached XP level 9. HP: 50/78 MP: 10/10
  7063 | D:8      | Noticed Pikel
  7224 | D:8      | Killed Pikel
  7224 | D:8      | Reached skill level 6 in Dodging
  7224 | D:8      | Reached skill level 5 in Evocations
  7456 | D:8      | HP: 14/78 [ogre/giant club (22)]
  7459 | D:8      | Reached skill level 7 in Armour
  7459 | D:8      | Reached skill level 6 in Evocations
  7504 | D:8      | Found a bloodstained altar of Trog.
  7705 | D:8      | Found a staircase to the Lair.
  7825 | D:8      | Noticed Maurice
  8136 | D:8      | Noticed Erica
  8156 | D:8      | HP: 19/78 [Erica/bolt of poison (13)]
  8161 | D:8      | Killed Erica
  8161 | D:8      | Reached skill level 7 in Dodging
  8161 | D:8      | Reached skill level 7 in Evocations
  8161 | D:8      | HP: 11/78 [poisoned by Erica (bolt of poison)]
  8330 | D:9      | HP: 18/78 [hornet (7)]
  8330 | D:9      | Paralysed by a hornet for 3 turns
  8333 | D:9      | Reached skill level 8 in Armour
  8553 | D:9      | Found a sparkling altar of Nemelex Xobeh.
  8553 | D:9      | Noticed Jessica
  8559 | D:9      | Killed Jessica
  8761 | D:9      | Found a glowing golden altar of the Shining One.
  8797 | D:9      | Found an ancient bone altar of Kikubaaqudgha.
  8847 | D:9      | Noticed a troll
  8971 | Lair:1   | Entered Level 1 of the Lair of Beasts
  9048 | Lair:1   | Reached XP level 10. HP: 52/86 MP: 11/11
  9069 | Lair:1   | Identified a scroll of acquirement
  9072 | Lair:1   | Got a pitted great mace
  9075 | Lair:1   | Identified the +5 great mace of Annihilation {protect, Int+3} (You acquired it on level 1 of the Lair of Beasts)
  9095 | Lair:1   | Noticed a spiny frog
  9100 | Lair:1   | Noticed a spiny frog
  9110 | Lair:1   | Killed a spiny frog
  9110 | Lair:1   | Reached skill level 7 in Maces & Flails
  9243 | Lair:1   | Noticed a spiny frog
  9261 | Lair:1   | Killed a spiny frog
  9282 | Lair:1   | HP: 19/86 [porcupine (3)]
  9301 | Lair:1   | HP: 16/86 [spiny frog (13)]
  9304 | Lair:1   | Killed a spiny frog
  9304 | Lair:1   | Reached skill level 8 in Maces & Flails
  9390 | Lair:1   | HP: 17/86 [porcupine's spines (9)]
  9441 | Lair:1   | Reached skill level 9 in Maces & Flails
  9843 | Lair:1   | Noticed a spiny frog
  9863 | Lair:1   | Killed a spiny frog
  9863 | Lair:1   | Reached skill level 10 in Maces & Flails
  9864 | Lair:1   | HP: 13/86 [porcupine's spines (10)]
  9871 | Lair:1   | HP: 19/86 [porcupine's spines (4)]
 10311 | Lair:2   | Noticed a five-headed hydra
 10484 | Lair:2   | Reached XP level 11. HP: 30/92 MP: 10/10
 10509 | Lair:1   | Reached skill level 11 in Maces & Flails
 10531 | Lair:2   | Reached skill level 5 in Slings
 11051 | Lair:2   | HP: 16/92 [five-headed hydra (10)]
 11285 | Lair:2   | HP: 18/92 [elephant (7)]
 11290 | Lair:2   | Reached skill level 6 in Slings
 11306 | Lair:2   | HP: 21/92 [yak (10)]
 11427 | D:8      | HP: 20/92 [spiny frog (4)]
 11432 | D:8      | HP: 10/92 [spiny frog (10)]
 11463 | D:9      | HP: 18/92 [orc warrior/battleaxe of draining (20)]
 11478 | D:9      | HP: 20/92 [orc warrior/battleaxe of draining (13)]
 11714 | D:10     | Entered Level 10 of the Dungeon
 11774 | D:10     | HP: 23/92 [hill giant zombie (15)]
 11915 | D:10     | Noticed a hill giant
 11930 | D:10     | Killed a hill giant
 11930 | D:10     | Reached skill level 7 in Slings
 12084 | D:11     | Noticed a four-headed hydra
 12434 | D:10     | Reached skill level 12 in Maces & Flails
 12487 | D:10     | Reached skill level 8 in Slings
 12887 | D:10     | Reached skill level 9 in Slings
 12914 | D:10     | Reached skill level 8 in Evocations
 12923 | D:10     | HP: 16/92 [gargoyle/mace (9)]
 12945 | D:10     | Found a staircase to the Orcish Mines.
 13218 | D:10     | HP: 22/92 [orc/dagger of electrocution (8)]
 13236 | D:10     | HP: 20/92 [orc priest/divine providence (10)]
 13242 | D:10     | HP: 18/92 [orc priest/club (2)]
 13251 | D:10     | HP: 17/92 [orc (1)]
 13452 | D:5      | Bought a +0 vampiric falchion for 143 gold pieces
 13601 | D:7      | HP: 22/92 [gnoll/flail (4)]
 13617 | D:7      | HP: 18/92 [gnoll/club (6)]
 13628 | D:7      | HP: 20/92 [gnoll/flail (2)]
 13738 | D:9      | Reached skill level 1 in Long Blades
 14038 | Orc:1    | Entered Level 1 of the Orcish Mines
 14046 | Orc:1    | Noticed an ettin
 14434 | D:11     | Noticed a cyan ugly thing
 14631 | Orc:1    | HP: 19/92 [cyclops (9)]
 14632 | Orc:1    | HP: 5/92 [cyclops (16)]
 14637 | Orc:1    | HP: 11/92 [cyclops (22)]
 14643 | Orc:1    | Slain by a cyclops

Vault maps used:
D:1:      dpeg_arrival_shelter
D:2:      overflow_temple_1_default, ecumenical_altar_1, kennysheep_slug_shrine
D:3:      kennysheep_ying_yang, nicolae_gozag_zags_fifth_avenue, first_bread
D:4:      nicolae_ossuary_entry_false_entrances, portal_sewer_entry_b
D:5:      nicolae_qazlal_style_of_elements, eat_drink_and_be_merry_uskayaw,
          elyvilon_altar_1
D:6:      nicolae_overflow_crystal_walls, sigmund_army
D:7:      nemelex_xobeh_ov_fountains_minmay, basic_altar, uniq_menkaure
D:8:      lemuel_round_altar, due_lair_maze_entry_diamond, uniq_erica,
          uniq_pikel, uniq_maurice
D:9:      tso_oasis_becter, kiku_gazebo_garden_becter,
          nemelex_lonely_heart_becter
D:10:     zombieorc2_lemuel, special_room, hangedman_little_slice_of_home, pond
Lair:1:   grunt_forest_small_clearings, beast_lair_carwin_7, lemuel_fruit_tree
Lair:2:   hangedman_what_comes_after_a
Sewer:    sewer_co_cracked_pipes
Ossuary:  ossuary_due_cavern

Skill      XL: |  1  2  3  4  5  6  7  8  9 10 11 |
---------------+----------------------------------+-----
Fighting       | 1 3 4 |  4.2
Dodging        | 3 5 7 |  7.7
Maces & Flails | 1 2 5 6 10 12 | 12.1
Slings         | 3 4 9 |  9.3
Armour         | 3 6 8 |  8.0
Evocations     | 7 8 |  8.4
Long Blades    | 1 |  1.9
Short Blades   | |  0.8
Stealth        | |  1.5

Action                   |  1- 3 |  4- 6 |  7- 9 | 10-12 || total
-------------------------+-------+-------+-------+-------++-------
Melee: Short sword       |    79 |       |       |       ||    79
       Mace              |    43 |   138 |    68 |       ||   249
       Flail             |       |       |   123 |       ||   123
       Whip              |       |       |    99 |   544 ||   643
       Great mace        |       |       |       |   130 ||   130
       Falchion          |       |       |       |    97 ||    97
 Fire: Hunting sling     |     9 |   106 |   228 |   192 ||   535
Throw: Stone             |     7 |     1 |     4 |     6 ||    18
       Tomahawk          |     1 |       |       |       ||     1
Invok: Call Merchant     |       |       |     1 |       ||     1
 Abil: Device Recharging |       |       |     4 |     6 ||    10
Evoke: Wand              |    20 |    11 |    32 |    33 ||    96
  Use: Scroll            |       |    15 |     7 |    17 ||    39
       Potion            |       |       |     1 |     5 ||     6
 Stab: Sleeping          |     1 |     1 |       |       ||     2
       Distracted        |       |       |     1 |     2 ||     3
       Paralysed         |       |       |       |     4 ||     4
  Eat: Chunk             |     2 |     1 |       |       ||     3
       Pizza             |       |     1 |     1 |     2 ||     4
       Beef jerky        |       |     2 |       |     1 ||     3
       Royal jelly       |       |     1 |       |       ||     1
       Meat ration       |       |       |     3 |     4 ||     7
       Fruit             |       |       |       |     2 ||     2
       Bread ration      |       |       |       |     1 ||     1
Armor: Leather armour    |    24 |    47 |     6 |       ||    77
       Ring mail         |       |       |    77 |   161 ||   238
       Chain mail        |       |       |    12 |       ||    12
Dodge: Dodged            |    88 |   155 |   162 |   344 ||   749
       Rpst.: Falchion   |       |       |       |    17 ||    17

Vault maps used:
D:1:      dpeg_arrival_shelter
D:2:      overflow_temple_1_default, ecumenical_altar_1, kennysheep_slug_shrine
D:3:      kennysheep_ying_yang, nicolae_gozag_zags_fifth_avenue, first_bread
D:4:      nicolae_ossuary_entry_false_entrances, portal_sewer_entry_b
D:5:      nicolae_qazlal_style_of_elements, eat_drink_and_be_merry_uskayaw,
          elyvilon_altar_1
D:6:      nicolae_overflow_crystal_walls, sigmund_army
D:7:      nemelex_xobeh_ov_fountains_minmay, basic_altar, uniq_menkaure
D:8:      lemuel_round_altar, due_lair_maze_entry_diamond, uniq_erica,
          uniq_pikel, uniq_maurice
D:9:      tso_oasis_becter, kiku_gazebo_garden_becter,
          nemelex_lonely_heart_becter
D:10:     zombieorc2_lemuel, special_room, hangedman_little_slice_of_home, pond
Lair:1:   grunt_forest_small_clearings, beast_lair_carwin_7, lemuel_fruit_tree
Lair:2:   hangedman_what_comes_after_a
Sewer:    sewer_co_cracked_pipes
Ossuary:  ossuary_due_cavern

Table legend:
 A = Turns spent in this place as a percentage of turns spent in the entire game.
 B = Non-inter-level travel turns spent in this place as a percentage of non-inter-level travel turns spent in the entire game.
 C = Inter-level travel turns spent in this place as a percentage of turns spent in this place.
 D = Turns resting spent in this place as a percentage of non-inter-level travel turns spent in this place.
 E = Turns spent auto-exploring this place as a percentage of non-inter-level travel turns spent in this place.
 F = Non-inter-level travel turns spent in this place divided by the number of levels of this place that you've seen.
                   A       B       C       D       E      F
               +-------+-------+-------+-------+-------+----------------------
         Total | 100.0 | 100.0 |   0.6 |   0.0 |   1.4 | 544.9
       Dungeon |  75.4 |  75.3 |   0.7 |   0.0 |   1.4 | 596.7
          Lair |  17.5 |  17.5 |   0.4 |   0.0 |   2.0 | 762.5
  Orcish Mines |   0.6 |   0.6 |   0.0 |   0.0 |   0.0 |  51.0
         Sewer |   3.6 |   3.6 |   0.0 |   0.0 |   0.9 | 318.0
       Ossuary |   3.0 |   3.0 |   0.0 |   0.0 |   0.0 | 260.0
               +-------+-------+-------+-------+-------+----------------------

Table legend:
 A = Kills in this place as a percentage of kills in entire the game.
 B = Kills by you in this place as a percentage of kills by you in the entire game.
 C = Kills by friends in this place as a percentage of kills by friends in the entire game.
 D = Other kills in this place as a percentage of other kills in the entire game.
 E = Experience gained in this place as a percentage of experience gained in the entire game.
 F = Experience gained in this place divided by the number of levels of this place that you have seen.
                   A       B       C       D       E      F
               +-------+-------+-------+-------+-------+----------------------
         Total | 100.0 | 100.0 | 100.0 | 100.0 | 100.0 | 1339.2
       Dungeon |  79.5 |  79.5 |  66.7 | 100.0 |  59.6 | 1161.4
          Lair |  12.2 |  12.3 |   0.0 |   0.0 |  39.5 | 4234.0
  Orcish Mines |   0.3 |   0.3 |   0.0 |   0.0 |   0.0 |   3.0
         Sewer |   5.7 |   5.7 |   0.0 |   0.0 |   0.3 |  58.0
       Ossuary |   2.4 |   2.2 |  33.3 |   0.0 |   0.6 | 123.0
               +-------+-------+-------+-------+-------+----------------------
